 Dungeon Crawl Stone Soup version 0.26.0-10-g1f06aea511 (webtiles) character file.

Game seed: 15480642843744422896

741858 Veteran the Invulnerable (level 27, -12/343 HPs)
             Began as a Deep Dwarf Fighter on Jan 14, 2021.
             Was the Champion of Makhleb.
             Mangled by an iron giant
             ... wielding a cursed -2 giant spiked club
              (25 damage)
             ... on level 5 of the Iron City of Dis.
             The game lasted 04:14:58 (40820 turns).

Veteran the Invulnerable (Deep Dwarf Fighter)      Turns: 40820, Time: 04:15:07

Health: -12/343    AC: 32    Str: 33    XL:     27
Magic:  13/13      EV:  2    Int: 14    God:    Makhleb [******]
Gold:   5660       SH: 32    Dex:  8    Spells: 51/61 levels left

rFire    . . .     SeeInvis .   D - +9 broad axe (vorpal)
rCold    . . .     Faith    .   s - +0 tower shield {AC+3}
rNeg     + + +     Spirit   .   (armour currently unavailable)
rPois    +         Reflect  +   (helmet currently unavailable)
rElec    .         Harm     .   (cloak currently unavailable)
rCorr    .         Rampage  .   (gloves currently unavailable)
Will     ++++.     NoTele   +   (boots currently unavailable)
Stlth    +++.......             v - amulet "Earthly Heaven" {Reflect Int+3 SH+5 Stlth+}
HPRegen  0.00/turn              j - ring "Mabrirum" {+Fly Str+2 Slay+3 Stlth+}
MPRegen  0.13/turn              b - +4 ring of slaying

@: tree-form, marked, corroded, non-regenerating, studying Dodging
A: damage resistance, heal wounds, clumsy 2, frail 1, low mp 3, negative energy
resistance 1, sense surroundings 3, no potion heal 2, subdued magic 1, no
regeneration
}: 5/15 runes: barnacled, slimy, silver, obsidian, gossamer
a: Heal Wounds, Renounce Religion, Minor Destruction, Lesser Servant of Makhleb,
Major Destruction, Greater Servant of Makhleb


You were on level 5 of the Iron City of Dis.
You worshipped Makhleb.
Makhleb was exalted by your worship.
You were a tree.
You visited 13 branches of the dungeon, and saw 63 of its levels.
You visited 1 bazaar.
You also visited: Bailey, Ice Cave and Desolation.

You collected 7520 gold pieces.
You spent 1860 gold pieces at shops.

Inventory:

Hand Weapons
 D - a +9 vorpal broad axe (weapon)
 Q - a +9 vampiric broad axe
 X - a +0 vampiric executioner's axe
Armour
 e - a +2 tower shield of positive energy
 s - a +0 tower shield of protection (worn)
 x - a scarf of resistance (melded)
 z - +10 gold dragon scales (melded)
 J - a +0 helmet of intelligence (melded)
 R - a +0 pair of gloves of strength (melded)
 S - a +2 pair of boots of flying (melded)
Jewellery
 b - a +4 ring of slaying (right branch)
 g - the ring "Viryosop" {rN+ Str+8 Dex-3 SInv}
   (You found it on level 13 of the Dungeon)

   [ring of positive energy]

   It affects your strength (+8).
   It affects your dexterity (-3).
   It protects you from negative energy.
   It lets you see invisible.
 j - the ring "Mabrirum" (left branch) {+Fly Str+2 Slay+3 Stlth+}
   (You found it in the Desolation of Salt)

   [ring of flight]

   It affects your strength (+2).
   It affects your accuracy and damage with ranged weapons and melee attacks
   (+3).
   It lets you fly.
   It makes you more stealthy.
 q - the ring of Zuebeq {*Corrode rF+ rC+ Int+3 SInv}
   (You found it in the Desolation of Salt)

   [ring of see invisible]

   It affects your intelligence (+3).
   It protects you from fire.
   It protects you from cold.
   It lets you see invisible.
   It may corrode you when you take damage.
 v - the amulet "Earthly Heaven" (around neck) {Reflect Int+3 SH+5 Stlth+}
   (You found it on level 4 of the Shoals)

   [amulet of reflection]

   It shields you and reflects attacks.
   It affects your intelligence (+3).
   It affects your SH (+5).
   It makes you more stealthy.
 w - the amulet "Wahauqi" {Acrobat rF+ rC+ Stlth+}
   (You found it on level 13 of the Dungeon)

   [amulet of the acrobat]

   It helps you evade while moving and waiting.
   It protects you from fire.
   It protects you from cold.
   It makes you more stealthy.
 y - the ring "Jous" {Str+6 Int+2 Dex+3}
   (You found it on level 4 of the Shoals)

   [ring of strength]

   It affects your strength (+6).
   It affects your intelligence (+2).
   It affects your dexterity (+3).
 U - the ring of Dozet {Ice rN+++ Int+5 Dex-4}
   (You found it in an ice cave)

   [ring of ice]

   It enhances your ice magic.
   It affects your intelligence (+5).
   It affects your dexterity (-4).
   It makes you vulnerable to fire.
   It protects you from cold.
   It renders you almost immune to negative energy.
 V - an uncursed ring of wizardry
 Y - an uncursed ring of resist corrosion
Wands
 H - a wand of digging (43)
Scrolls
 h - 21 scrolls of remove curse
 i - 29 scrolls of teleportation
 p - 12 scrolls of magic mapping
 t - 6 scrolls of silence
 B - 3 scrolls of fear
 C - 11 scrolls of blinking
 K - 18 scrolls of identify
 L - 3 scrolls of holy word
 M - a scroll of summoning
 N - 6 scrolls of fog
Potions
 d - 8 potions of might
 f - 11 potions of flight
 k - 8 potions of resistance
 l - 9 potions of heal wounds
 o - 19 potions of curing
 r - 2 potions of cancellation
 A - 2 potions of lignification
 F - 6 potions of magic
 I - 3 potions of ambrosia
 P - 6 potions of haste
Books
 a - a manual of Dodging
Miscellaneous
 G - a phantom mirror
 O - a tin of tremorstones (2/2)
 T - a box of beasts
 Z - a lightning rod (4/4)


   Skills:
 - Level 16.8 Fighting
 - Level 19.4 Axes
 O Level 27 Armour
 - Level 25.0 Shields
 + Level 17.5 Spellcasting
 + Level 19.1 Necromancy
 + Level 16.5 Transmutations
 - Level 10.2 Invocations
 - Level 4.9 Evocations


You had 51 spell levels left.
You knew the following spells:

 Your Spells              Type           Power        Failure   Level
a - Necromutation         Tmut/Necr      23%          19%         8
b - Wereblood             Tmut           45%          0%          2

Your spell library contained the following spells:

 Spells                   Type           Power        Failure   Level
 Animate Skeleton         Necr           100%         0%          1
 Beastly Appendage        Tmut           90%          0%          1
 Pain                     Necr           100%         0%          1
 Sublimation of Blood     Necr           25%          0%          2
 Vampiric Draining        Necr           25%          0%          3
 Animate Dead             Necr           25%          0%          4
 Sting                    Tmut/Pois      100%         1%          1
 Corpse Rot               Necr/Air       N/A          1%          2
 Passwall                 Tmut/Erth      22%          1%          2
 Ignite Poison            Fire/Tmut/Pois 21%          1%          3
 Spider Form              Tmut/Pois      13%          1%          3
 Ice Form                 Ice/Tmut       27%          1%          4
 Petrify                  Tmut/Erth      27%          1%          4
 Blade Hands              Tmut           22%          1%          5
 Borgnjor's Vile Clutch   Necr/Erth      15%          1%          5
 Excruciating Wounds      Necr           25%          1%          5
 Death Channel            Necr           25%          1%          6
 Hydra Form               Tmut           22%          1%          6
 Apportation              Tloc           18%          3%          1
 Corona                   Hex            10%          3%          1
 Foxfire                  Conj/Fire      36%          3%          1
 Freeze                   Ice            36%          3%          1
 Magic Dart               Conj           36%          3%          1
 Sandblast                Erth           18%          3%          1
 Summon Small Mammal      Summ           36%          3%          1
 Alistair's Intoxication  Tmut/Pois      18%          3%          5
 Irradiate                Conj/Tmut      13%          3%          5
 Yara's Violent Unravell  Hex/Tmut       13%          3%          5
 Dragon Form              Tmut           22%          3%          7
 Blink                    Tloc           N/A          6%          2
 Ensorcelled Hibernation  Hex/Ice        18%          6%          2
 Searing Ray              Conj           18%          6%          2
 Slow                     Hex            9%           6%          2
 Borgnjor's Revivificati  Necr           25%          10%         8
 Infestation              Necr           25%          10%         8
 Confusing Touch          Hex            9%           12%         3
 Conjure Flame            Conj/Fire      9%           12%         3
 Dazzling Flash           Conj/Hex       18%          12%         3
 Frozen Ramparts          Ice            18%          12%         3
 Gell's Gravitas          Tloc           4%           12%         3
 Inner Flame              Hex/Fire       9%           12%         3
 Lesser Beckoning         Tloc           4%           12%         3
 Portal Projectile        Hex/Tloc       18%          12%         3
 Stone Arrow              Conj/Erth      18%          12%         3
 Teleport Other           Tloc           9%           12%         3
 Tukima's Dance           Hex            9%           12%         3
 Simulacrum               Ice/Necr       15%          12%         6
 Eringya's Noxious Bog    Tmut/Pois      13%          22%         6
 Statue Form              Tmut/Erth      18%          22%         6
 Cause Fear               Hex            4%           38%         4
 Fulminant Prism          Conj/Hex       4%           38%         4
 Hailstorm                Conj/Ice       9%           38%         4
 Iskenderun's Mystic Bla  Conj/Tloc      9%           38%         4
 Leda's Liquefaction      Hex/Erth       4%           38%         4
 Olgreb's Toxic Radiance  Pois           9%           38%         4
 Passage of Golubria      Tloc           N/A          38%         4
 Sticky Flame             Conj/Fire      9%           38%         4
 Summon Lightning Spire   Summ/Air       9%           38%         4
 Haunt                    Necr/Summ      15%          58%         7
 Bolt of Magma            Conj/Fire/Erth 4%           77%         5
 Fireball                 Conj/Fire      4%           77%         5
 Iskenderun's Battlesphe  Conj           9%           77%         5
 Lee's Rapid Deconstruct  Erth           4%           77%         5
 Metabolic Englaciation   Hex/Ice        4%           77%         5
 Silence                  Hex/Air        4%           77%         5
 Death's Door             Necr           25%          86%         9
 Conjure Ball Lightning   Conj/Air       4%           100%        6
 Dispersal                Tloc           4%           100%        6
 Freezing Cloud           Conj/Ice/Air   4%           100%        6
 Invisibility             Hex            9%           100%        6
 Iron Shot                Conj/Erth      4%           100%        6
 Ozocubu's Refrigeration  Ice            4%           100%        6
 Shadow Creatures         Summ           N/A          100%        6
 Starburst                Conj/Fire      4%           100%        6
 Orb of Destruction       Conj           4%           100%        7
 Spellforged Servitor     Conj/Summ      4%           100%        7
 Discord                  Hex            4%           100%        8
 Disjunction              Tloc           4%           100%        8
 Ignition                 Fire           4%           100%        8
 Tornado                  Air            4%           100%        9


Dungeon Overview and Level Annotations

Branches:
Dungeon (15/15)            Temple (1/1) D:6            Lair (6/6) D:10
 Shoals (4/4) Lair:3       Spider (4/4) Lair:4        Slime (5/5) Lair:6
    Orc (2/2) D:12            Elf (3/3) Orc:2        Vaults (5/5) D:14
  Crypt (0/3) Vaults:3     Depths (5/5) D:15           Hell (visited)
    Dis (5/7) Hell            Geh (7/7) Hell            Coc (0/7) Hell
    Tar (0/7) Hell            Zot (0/5) Depths:5     Bailey (visited)
  IceCv (visited)         Desolation (visited)

Altars:
Ashenzari
Dithmenos
Elyvilon
Fedhas
Gozag
Hepliaklqana
Kikubaaqudgha
Makhleb
Nemelex Xobeh
Okawaru
Qazlal
Ru
Sif Muna
Trog
Uskayaw
Vehumet
Wu Jian
Xom
Zin
The Shining One
Beogh
Jiyva
Lugonu

Shops:
D:8 =((:(   D:10 ?   D:11 ?   Orc:2 *[:(   Shoals:1 *   Vaults:1 ?   Vaults:3 (
Depths:1 *   Depths:3 =}}(

Portals:
Hell: Depths:1 Depths:2 Depths:3 Depths:4 Depths:5
Abyss: Depths:1 Depths:4
Pandemonium: Depths:3
Ziggurat: Depths:3

Annotations:
D:4 2 transporters
D:11 1 runed translucent door, jamsus's ghost, journeyman MiBe
D:12 exclusion: obsidian statue
Lair:5 3 runed translucent doors, Delarado's ghost, journeyman MiFi


Innate Abilities, Weirdness & Mutations

You are resistant to damage.
You can heal yourself by infusing magical energy.
You resist negative energy. (rN+)
You passively map a large area around you.
You do not regenerate.
((You have sharp toenails.))
((Your skin changes colour to match your surroundings (Stealth+).))
You are very clumsy. (Dex -4)
((Your flesh is heat resistant. (rF+)))
You are frail. (-10% HP)
Your magical capacity is extremely low. (-30% MP)
((You are sometimes teleported next to monsters.))
Potions are poor at restoring your health.
Your spells are a little easier to cast, but a little less powerful.


Message History

The damnation engulfs the ancient champion!
The ancient champion casts a spell at you.
The iron shot hits you!
* * * LOW HITPOINT WARNING * * *
The ancient champion hits you but does no damage.
The iron giant points at you and mumbles some strange words.
The iron shot hits you!!!
* * * LOW HITPOINT WARNING * * *
Unknown command.
Unknown command.
Unknown command.
Unknown command.
Unknown command.
You feel much better.
A rust devil comes into view.
The ancient champion points at you and mumbles some strange words.
The iron shot hits you!!
* * * LOW HITPOINT WARNING * * *
The iron giant hits you with a cursed -2 giant spiked club!!
You die...

* , *, * ,#4....# , , ,
#.....# , ,, , #z....### # ,
#####Z......., ,, .. , , , ,,
..........# ** .. , ,, *
#........#, #... #..2Z....# ,
,#... , #.C♣.Z...#### ##...
,* ####...z.....4.. .... ,
.C.2z..........# * #..
############......# #..
#..........'......# ,,+.. ,
,#....#####.#......# ######..
,#....#...#.#................
, #....#...#.#......###
##....
***,#....#...#.#......# #....


You could see an iron giant, a reaper, 3 ancient champions, an ice devil, a rust
devil, a hellion, a shadow dragon zombie, a storm dragon zombie and a wolf
spider zombie.

Vanquished Creatures
  Asmodeus (Geh:7)
  the Royal Jelly (Slime:5)
  Mara (Depths:3)
  An ancient lich (Vaults:5)
  A juggernaut (Depths:4)
  Sojobo (Depths:5)
  Frederick (Depths:4)
  Saint Roka (Vaults:1)
  Margery (Vaults:3)
  Xtahua (Vaults:2)
  Geryon (Hell)
  2 golden dragons (Depths:5)
  Jory (Vaults:2)
  A bone dragon (Dis:3)
  15 Brimstone Fiends
  3 iron giants (Dis:3)
  7 tentacled monstrosities
  11 liches
  A Hell Sentinel (Dis:3)
  Rupert (Orc:2)
  15 titans
  2 quicksilver dragons (Vaults:5)
  4 deep elf master archers
  9 deep elf blademasters
  27 acid blobs
  2 tentacled starspawn (Depths:2)
  Polyphemus (Shoals:4)
  A kraken (Shoals:4)
  Frances (Elf:1)
  Gastronok (Lair:2)
  4 storm dragons (Vaults:5)
  6 tengu reavers
  4 shadow dragons
  A sphinx (Vaults:5)
  Donald (Vaults:2)
  9 azure jellies
  Ilsuiw (Shoals:3)
  15 frost giants
  Aizul (Shoals:4)
  23 fire giants
  3 iron dragons
  5 deep elf sorcerers
  Louise (Spider:1)
  An orc warlord (Orc:2)
  5 imperial myrmidons (Desolation)
  A draconian scorcher (Dis:4)
  3 draconian knights
  A caustic shrike zombie (Depths:4)
  16 vault wardens
  4 ghost moths (Spider:4)
  The ghost of Ahonude the Brawler, a journeyman TrMo of Qazlal (D:13)
  A draconian shifter (Depths:5)
  6 emperor scorpions
  14 balrugs
  A curse skull (Hell)
  A draconian stormcaller (Depths:5)
  9 deep elf elementalists
  28 stone giants
  24 reapers
  13 ironheart preservers
  26 very ugly things
  4 spriggan defenders
  4 vampire knights
  The ghost of Laowois the Severer, a journeyman MiBe of Trog (D:14)
  2 war gargoyles
  Nessos (Lair:4)
  10 deep elf demonologists
  A green draconian (Geh:6)
  6 black draconians
  A lorocyproca (Depths:5)
  A halazid warlock (Desolation)
  12 spark wasps
  A purple draconian (Geh:7)
  2 white draconians
  5 deep elf annihilators
  6 dire elephants
  6 entropy weavers
  14 deep elf death magi
  11 ettins
  6 merfolk javelineers
  A crystal guardian (Desolation)
  11 fire dragons
  4 quicksilver dragon zombies
  7 death oozes (Slime:5)
  6 ragged hierophants (Desolation)
  6 jiangshi
  4 merfolk impalers
  15 yaktaur captains
  A spectral kraken (Shoals:1)
  14 ogre magi
  The ghost of lasso the Eclecticist, a journeyman DECj of Vehumet (Lair:6)
  4 deep elf high priests
  14 great orbs of eyes
  Harold (D:7)
  7 hydras
  10 ice dragons
  3 rakshasas
  10 peacekeepers
  The ghost of nojaa the Hand of Fortune, a journeyman SpIE of Nemelex Xobeh (Shoals:1)
  4 servants of whispers (Desolation)
  32 vault guards
  10 boulder beetles
  13 centaur warriors
  3 quicksilver dragon skeletons
  3 catoblepae
  4 death knights
  A boulder beetle (shapeshifter) (Depths:2)
  4 merfolk aquamancers
  7 spriggan air magi
  4 death yaks
  42 two-headed ogres
  3 satyrs
  17 dancing weapons
  8 tengu warriors
  10 deep troll earth magi
  A merfolk avatar (Shoals:4)
  9 deep troll shamans
  3 titan zombies
  4 orc high priests
  3 spriggan berserkers
  2 vampire magi
  4 small abominations
  28 hell hogs
  4 thrashing horrors (Depths:2)
  A titan skeleton (Vaults:5)
  2 iron golems
  4 storm dragon zombies
  27 deep elf knights
  8 soul eaters
  15 sun demons
  27 skeletal warriors
  54 hell knights
  A sixfirhy (Depths:3)
  A wretched star (Depths:2)
  3 iron trolls
  2 salamander mystics (Depths:1)
  A deep troll (shapeshifter) (Vaults:5)
  3 shadow wraiths
  2 golden dragon zombies
  3 anaconda zombies
  A storm dragon skeleton (Geh:5)
  An entropy weaver zombie (Vaults:1)
  10 sea snakes
  40 deep trolls
  4 unseen horrors
  3 wizards
  2 ghost moth zombies
  7 glowing orange brains
  10 flayed ghosts
  20 deep elf archers
  16 phantasmal warriors
  2 lindwurms (Lair:6)
  A kraken simulacrum (Hell)
  A swamp dragon (Lair:6)
  3 golden dragon skeletons
  An orange crystal statue (Lair:3)
  2 anaconda skeletons
  5 shadow dragon zombies
  23 harpies
  15 ironbrand convokers
  3 shadow dragon skeletons
  16 orc knights
  An iron dragon zombie (Geh:2)
  20 fauns
  A wolf spider zombie (Geh:6)
  22 necromancers
  11 stone giant zombies
  10 shining eyes
  18 orb spiders
  5 fire giant zombies
  A human zombie (Vaults:1)
  4 iron dragon skeletons
  8 frost giant zombies
  29 wolf spiders
  A wolf spider (shapeshifter) (Vaults:5)
  A faun (shapeshifter) (Vaults:1)
  80 deep elf magi
  8 orc sorcerers
  2 stone giant skeletons (Vaults:5)
  A moth of wrath (shapeshifter) (Depths:3)
  2 dire elephant zombies
  56 ugly things
  17 cyclopes
  13 manticores
  5 frost giant skeletons
  11 salamanders
  A black mamba (shapeshifter) (Depths:2)
  12 rust devils
  8 merfolk sirens
  A black mamba (Lair:6)
  4 centaur zombies
  3 fire giant skeletons
  An ice statue (IceCv)
  3 guardian serpents
  4 eyes of devastation
  13 vault sentinels
  2 gargoyles
  7 torpor snails
  6 molten gargoyles
  8 elephants
  2 spectral sea snakes (Shoals:1)
  3 dire elephant skeletons
  6 smoke demons
  10 water nymphs
  A torpor snail (shapeshifter) (Vaults:3)
  10 cane toads
  2 emperor scorpion zombies
  A catoblepas zombie (Geh:7)
  5 efreet
  A yaktaur zombie (Hell)
  14 komodo dragons
  26 tormentors
  11 freezing wraiths
  2 kobold demonologists
  5 rime drakes
  11 demonic crawlers
  17 hellions
  72 yaktaurs
  2 tengu conjurers
  6 hydra zombies
  14 merfolk
  14 polar bears (IceCv)
  14 ice devils
  3 meliai (D:13)
  11 trolls
  29 jumping spiders
  A catoblepas skeleton (Geh:4)
  6 wind drakes
  3 tyrant leeches (Lair:6)
  A wind drake (shapeshifter) (Vaults:5)
  A queen bee (Lair:6)
  25 red devils
  23 hornets
  A polar bear (shapeshifter) (Depths:2)
  5 blink frogs (Lair:4)
  42 saltlings
  A fire dragon zombie (Geh:4)
  4 hydra skeletons
  An ice dragon zombie (Geh:4)
  A meliai zombie (D:12)
  A harpy skeleton (Geh:7)
  A spriggan zombie (Hell)
  A dream sheep (Lair:1)
  A snapping turtle (shapeshifter) (D:14)
  A blink frog (shapeshifter) (Vaults:4)
  111 slime creatures
  7 snapping turtles
  3 alligator zombies
  7 ettin zombies
  7 fire dragon skeletons
  57 redbacks
  A black mamba zombie (Dis:2)
  68 flying skulls
  A yak (shapeshifter) (Vaults:3)
  4 ettin skeletons
  28 tarantellas
  7 wyverns
  A vampire (D:14)
  A spriggan (shapeshifter) (D:14)
  11 fire bats
  2 ice dragon skeletons
  3 large abominations
  63 yaks
  4 spriggans
  20 water elementals
  2 air elementals
  46 fire elementals
  20 wraiths
  A fire bat (shapeshifter) (Elf:1)
  2 tarantellas (shapeshifter)
  16 shadows
  A human (shapeshifter) (Vaults:1)
  12 golden eyes
  6 basilisks
  A black mamba skeleton (Geh:3)
  5 steam dragons
  5 vampire mosquitoes
  9 wargs
  A soldier ant (shapeshifter) (Vaults:1)
  2 acid dragons
  2 cane toad zombies
  10 water moccasins
  39 hell hounds
  A spectral snapping turtle (Shoals:1)
  A water moccasin (shapeshifter) (Vaults:5)
  A hornet zombie (D:11)
  11 ice beasts
  3 black bears
  A snapping turtle zombie (Geh:2)
  58 orc warriors
  A cane toad skeleton (Hell)
  A swamp drake (Lair:6)
  A phantom (D:5)
  5 sky beasts
  9 eyes of draining
  2 necrophages
  26 wolves
  A manticore skeleton (Geh:6)
  2 snapping turtle skeletons
  20 centaurs
  35 ogres
  3 eyes of draining (shapeshifter)
  An elf skeleton (Vaults:4)
  6 elf zombies
  A big kobold (shapeshifter) (Elf:1)
  2 gnoll sergeants (D:8)
  2 human skeletons
  2 yaktaur skeletons
  A big kobold (D:7)
  20 bullfrogs
  A wyvern zombie (D:14)
  3 earth elementals
  7 scorpions
  A water moccasin skeleton (D:6)
  27 killer bees
  A troll zombie (Geh:6)
  2 human simulacra (Vaults:1)
  36 wights
  4 electric eels
  A howler monkey (D:4)
  4 crimson imps
  A bullfrog zombie (D:12)
  4 quasits
  11 hounds
  9 jellies
  2 bullfrog skeletons
  4 centaur skeletons
  34 orc priests
  A gnoll shaman (D:8)
  12 iron imps
  29 orc wizards
  Crazy Yiuf (D:4)
  5 iguanas
  13 worker ants
  A tengu zombie (Geh:7)
  2 hound zombies
  An ogre skeleton (Geh:4)
  5 hound skeletons
  2 mummies
  4 worker ant zombies
  15 gnolls
  A howler monkey skeleton (D:7)
  16 adders
  A shadow imp (D:8)
  5 white imps
  3 ufetubi
  2 oozes (Lair:6)
  An adder zombie (D:5)
  2 adder skeletons
  2 worms (D:2)
  2 dart slugs (D:1)
  5 leopard geckos
  138 orcs
  3 ball pythons
  8 bats
  6 giant cockroaches
  12 goblins
  13 hobgoblins
  3 jackals
  8 quokkas
  A frilled lizard (D:2)
  11 kobolds
  A kobold skeleton (Geh:5)
  2 leopard gecko skeletons
  A leopard gecko zombie (D:6)
  An orc zombie (Dis:3)
  8 rats
  9 crawling corpses
  2 starspawn tentacles (Depths:2)
  4 tentacles
3251 creatures vanquished.

Vanquished Creatures (collateral kills)
  A purple draconian zombie (Geh:6)
  An ettin zombie (Geh:6)
  An ice dragon zombie (Geh:6)
3 creatures vanquished.

Vanquished Creatures (others)
  A lich (Geh:5)
  Asterion (Spider:3)
  2 deep elf blademasters (Elf:3)
  2 deep elf elementalists (Elf:3)
  A deep elf demonologist (Elf:3)
  A two-headed ogre (Vaults:1)
  A hell hog (Geh:7)
  2 deep elf knights
  A hell knight (Geh:5)
  3 necromancers
  An orb spider (Spider:4)
  3 rust devils
  3 tormentors (Dis:5)
  A cane toad (Lair:6)
  A red devil (Geh:5)
  An ice devil (Dis:5)
  A demonic crawler (Spider:2)
  A jumping spider (Spider:2)
  A polar bear (IceCv)
  An ettin zombie (Dis:3)
  3 redbacks
  9 flying skulls
  A shadow (Geh:5)
  A water elemental (Shoals:3)
  A tarantella (Spider:4)
  3 wraiths
  A yak (IceCv)
  3 wolves (IceCv)
  An iron imp (Dis:3)
  3 crawling corpses (Geh:5)
  19 fungi
  A lurking horror (Depths:2)
  141 plants
  A starspawn tentacle (Depths:2)
  10 tentacles
  2 withered plants (D:11)
229 creatures vanquished.

Grand Total: 3483 creatures vanquished

Notes
Turn   | Place    | Note
-------+----------+-------------------------------------------
     0 | D:1      | Veteran the Deep Dwarf Fighter began the quest for the Orb.
     0 | D:1      | Reached XP level 1. HP: 20/20 MP: 1/1
   112 | D:1      | Reached XP level 2. HP: 25/27 MP: 2/2
   332 | D:1      | Reached XP level 3. HP: 32/34 MP: 3/3
   481 | D:2      | Noticed a scorpion
   531 | D:2      | Killed a scorpion
   532 | D:2      | Reached skill level 4 in Armour
   532 | D:2      | Reached XP level 4. HP: 21/42 MP: 4/4
   857 | D:2      | Found an ornate altar of the Wu Jian Council.
  1016 | D:2      | Found a shimmering blue altar of Sif Muna.
  1173 | D:3      | Reached XP level 5. HP: 41/49 MP: 5/5
  1316 | D:3      | Found a stormy altar of Qazlal.
  1539 | D:4      | Found a transporter.
  1543 | D:4      | Found a transporter.
  1661 | D:4      | Reached XP level 6. HP: 26/57 MP: 6/6
  1806 | D:4      | Found a runed translucent door.
  1807 | D:4      | Noticed Crazy Yiuf
  1813 | D:4      | Killed Crazy Yiuf
  1891 | D:4      | Reached skill level 5 in Armour
  1891 | D:4      | Reached skill level 5 in Shields
  1956 | D:5      | Entered Level 5 of the Dungeon
  2038 | D:5      | Reached XP level 7. HP: 33/64 MP: 7/7
  2131 | D:5      | Found a broken altar of Ashenzari.
  2557 | D:5      | Found a hide-covered altar of Uskayaw.
  2570 | D:5      | Reached skill level 5 in Axes
  2780 | D:6      | Reached skill level 6 in Armour
  2788 | D:6      | Reached XP level 8. HP: 41/73 MP: 8/8
  2853 | D:6      | Reached skill level 5 in Fighting
  2860 | D:6      | Found a staircase to the Ecumenical Temple.
  2885 | Temple   | Entered the Ecumenical Temple
  2911 | Temple   | Became a worshipper of Warmaster Okawaru
  3048 | D:6      | Found a white marble altar of Elyvilon.
  3282 | D:6      | Found a white marble altar of Elyvilon.
  3531 | D:7      | Noticed Harold
  3557 | D:7      | Reached skill level 1 in Invocations
  3559 | D:7      | Reached * piety under Okawaru
  3567 | D:7      | Killed Harold
  3567 | D:7      | Reached ** piety under Okawaru
  3568 | D:7      | Reached skill level 7 in Armour
  3568 | D:7      | Gained mutation: You passively map the area around you.
                  | [Deep Dwarf growth]
  3568 | D:7      | Reached XP level 9. HP: 56/82 MP: 8/11
  3709 | D:7      | Found a blossoming altar of Fedhas.
  3726 | D:7      | Found a sacrificial altar of Ru.
  4070 | D:8      | Found a stormy altar of Qazlal.
  4081 | D:8      | Found Asus's Book Boutique.
  4087 | D:8      | Reached *** piety under Okawaru
  4090 | D:8      | Reached skill level 8 in Armour
  4090 | D:8      | Reached skill level 5 in Invocations
  4123 | D:8      | Found Mugaf's Antique Weapon Boutique.
  4153 | D:8      | Found Tiero's Antique Weapon Boutique.
  4201 | D:8      | Found Juetadav's Antique Weapon Emporium.
  4283 | D:8      | Reached XP level 10. HP: 45/92 MP: 14/14
  4309 | D:8      | You fall into a shaft and drop 1 floor!
  4558 | D:9      | Reached **** piety under Okawaru
  4819 | D:8      | Found Had Riti's Jewellery Shoppe.
  5178 | D:10     | Entered Level 10 of the Dungeon
  5259 | D:10     | Reached ***** piety under Okawaru
  5365 | D:10     | Found Cuiwk's Magic Scroll Boutique.
  5389 | D:10     | Bought a scroll of identify for 30 gold pieces
  5389 | D:10     | Bought a scroll of noise for 15 gold pieces
  5389 | D:10     | Bought a scroll of random uselessness for 15 gold pieces
  5389 | D:10     | Bought a scroll of identify for 30 gold pieces
  5389 | D:10     | Bought a scroll of identify for 30 gold pieces
  5389 | D:10     | Bought a scroll of fog for 30 gold pieces
  5389 | D:10     | Bought a scroll of fear for 52 gold pieces
  5389 | D:10     | Bought a scroll of amnesia for 52 gold pieces
  5481 | D:10     | Reached skill level 9 in Armour
  5822 | D:10     | Received a gift from Okawaru
  5841 | D:10     | Found a staircase to the Lair.
  5977 | D:11     | Noticed a cyclops
  5999 | D:11     | Killed a cyclops
  6060 | D:11     | Found a runed translucent door.
  6060 | D:11     | Noticed jamsus's ghost (journeyman MiBe)
  6112 | D:11     | Reached XP level 11. HP: 35/103 MP: 14/14
  6147 | D:11     | Found Nyfeab's Magic Scroll Emporium.
  6443 | D:11     | Noticed a two-headed ogre
  6456 | D:11     | Killed a two-headed ogre
  6464 | D:11     | Noticed a seven-headed hydra
  6476 | D:11     | Killed a seven-headed hydra
  6772 | D:11     | Noticed a two-headed ogre
  6780 | D:11     | Reached skill level 10 in Armour
  6780 | D:11     | Reached skill level 10 in Shields
  6796 | D:11     | Killed a two-headed ogre
  6855 | D:11     | Found a hazy altar of Hepliaklqana.
  6914 | D:11     | Reached ****** piety under Okawaru
  6918 | D:11     | Killed an unseen horror
  6919 | D:11     | Reached skill level 10 in Axes
  7057 | D:11     | Killed an unseen horror
  7057 | D:11     | Received a gift from Okawaru
  7415 | D:12     | Noticed a death knight
  7546 | D:12     | Killed an unseen horror
  7813 | Lair:1   | Entered Level 1 of the Lair of Beasts
  7813 | Lair:1   | Found a frozen archway.
  7835 | Lair:1   | Noticed a seven-headed hydra
  7845 | D:10     | Reached XP level 12. HP: 64/114 MP: 13/13
  7884 | Lair:1   | Killed a seven-headed hydra
  7897 | Lair:1   | Received a gift from Okawaru
  7913 | IceCv    | Entered an ice cave
  8028 | IceCv    | Got a twisted great sword
  8034 | IceCv    | Identified the +10 great sword "Zoagiph" {pain, *Slow rF+++
                  | rC- rN++} (You found it in an ice cave)
  8214 | IceCv    | Reached skill level 11 in Armour
  8551 | IceCv    | Received a gift from Okawaru
  8621 | IceCv    | Noticed a death yak
  8621 | IceCv    | Noticed a frost giant
  8637 | IceCv    | Killed a death yak
  8640 | IceCv    | Killed a frost giant
  8641 | IceCv    | Reached skill level 10 in Invocations
  8650 | IceCv    | Received a gift from Okawaru
  8678 | IceCv    | Got a faintly glowing ivory ring
  8738 | Lair:1   | Identified the ring of Dozet {Ice rN+++ Int+5 Dex-4} (You
                  | found it in an ice cave)
  9007 | Lair:1   | Reached skill level 10 in Fighting
  9193 | Lair:1   | Reached XP level 13. HP: 64/123 MP: 13/13
  9571 | Lair:2   | Noticed Gastronok
  9587 | Lair:2   | Killed Gastronok
  9696 | Lair:2   | Got a crude lapis lazuli ring
  9706 | Lair:2   | Identified the ring "Beecluut" {rPois rF+ Will+ Int+3
                  | Dex-4} (You found it on level 2 of the Lair of Beasts)
  9740 | Lair:2   | Reached skill level 12 in Armour
  9919 | Lair:3   | Got a heavily runed lapis lazuli ring
  9921 | Lair:3   | Identified the ring of Uhoelet {Fire Will- MP+9 Int+5} (You
                  | found it on level 3 of the Lair of Beasts)
 10561 | Lair:3   | Found a staircase to the Shoals.
 10750 | Lair:4   | Noticed Nessos
 10771 | Lair:4   | Killed Nessos
 10853 | Lair:4   | HP: 1/124 [komodo dragon (14)]
 10864 | Lair:4   | Received a gift from Okawaru
 10936 | Lair:4   | Got a fading chain mail
 10938 | Lair:4   | Found a hole to the Spider Nest.
 11246 | Lair:5   | Found a runed translucent gate.
 11317 | Lair:5   | Found a runed translucent gate.
 11317 | Lair:5   | Found a runed translucent gate.
 11322 | Lair:5   | Noticed Delarado's ghost (journeyman MiFi)
 11513 | Lair:5   | Identified the +8 chain mail "Jokerext" {Rampage rElec rF+
                  | Dex-4} (You found it on level 4 of the Lair of Beasts)
 11738 | Lair:6   | Entered Level 6 of the Lair of Beasts
 11772 | Lair:6   | Received a gift from Okawaru
 11782 | Lair:6   | Gained mutation: You resist negative energy. (rN+) [Deep
                  | Dwarf growth]
 11782 | Lair:6   | Reached XP level 14. HP: 37/135 MP: 5/8
 11787 | Lair:6   | Reached skill level 13 in Armour
 11842 | Lair:6   | Found a staircase to the Slime Pits.
 11935 | Lair:6   | Found a transporter.
 11935 | Lair:6   | Noticed lasso's ghost (journeyman DECj)
 11936 | Lair:6   | Found a transporter.
 12030 | Lair:6   | Paralysed by a hornet for 2 turns
 12100 | Lair:6   | Killed lasso's ghost
 12225 | Lair:6   | Received a gift from Okawaru
 12644 | Lair:6   | Found a runed translucent door.
 12668 | Lair:6   | Received a gift from Okawaru
 12978 | Spider:1 | Entered Level 1 of the Spider Nest
 13149 | Spider:1 | Reached skill level 14 in Armour
 13201 | Spider:1 | Received a gift from Okawaru
 13393 | Spider:1 | Noticed Louise
 13443 | Spider:1 | Killed Louise
 13444 | Spider:1 | Reached XP level 15. HP: 113/144 MP: 7/7
 13865 | Spider:2 | Received a gift from Okawaru
 14444 | Spider:3 | Identified a scroll of acquirement
 14445 | Spider:3 | Acquired a manual of Armour
 14487 | Spider:3 | Reached skill level 15 in Armour
 14562 | Spider:3 | Noticed Asterion
 14593 | Spider:3 | Killed Asterion
 14594 | Spider:3 | Reached skill level 15 in Shields
 14648 | Spider:4 | Entered Level 4 of the Spider Nest
 14861 | Spider:4 | Reached skill level 15 in Axes
 14915 | Spider:4 | Received a gift from Okawaru
 14925 | Spider:4 | Reached XP level 16. HP: 125/156 MP: 8/8
 15203 | Spider:4 | Reached skill level 16 in Armour
 15293 | Spider:4 | Received a gift from Okawaru
 15424 | Spider:4 | Got a gossamer rune of Zot
 15675 | Shoals:1 | Entered Level 1 of the Shoals
 15861 | Shoals:1 | Found a transporter.
 15861 | Shoals:1 | Noticed nojaa's ghost (journeyman SpIE)
 15871 | Shoals:1 | Found a transporter.
 15891 | Shoals:1 | Killed nojaa's ghost
 15922 | Shoals:1 | Reached skill level 17 in Armour
 15963 | Shoals:1 | Got a coiled bone ring
 15968 | Shoals:1 | Identified the ring of Doubts {*Drain rF+ rN+ Str+7} (You
                  | found it on level 1 of the Shoals)
 16050 | Shoals:1 | Received a gift from Okawaru
 16079 | Shoals:1 | Got a shimmering hand axe {god gift}
 16085 | Shoals:1 | Identified the +4 hand axe "Leargh" {vorpal, rF+ Will+ MP+9
                  | Dex+6} (Okawaru gifted it to you on level 1 of the Shoals)
 16183 | Shoals:1 | Found Leik's Assorted Antiques.
 16191 | Shoals:1 | Bought a potion of ambrosia for 200 gold pieces
 16191 | Shoals:1 | Bought a potion of curing for 75 gold pieces
 16538 | Shoals:2 | Reached XP level 17. HP: 161/163 MP: 9/9
 16558 | Shoals:2 | Received a gift from Okawaru
 16717 | Shoals:3 | Noticed Ilsuiw
 16806 | Shoals:3 | Killed Ilsuiw
 17093 | Shoals:3 | Reached skill level 18 in Armour
 17195 | Shoals:3 | Received a gift from Okawaru
 17261 | Shoals:4 | Entered Level 4 of the Shoals
 17287 | Shoals:4 | Noticed a kraken
 17298 | Shoals:4 | Killed a kraken
 17672 | Shoals:4 | Noticed Aizul
 17707 | Shoals:4 | Killed Aizul
 17759 | Shoals:4 | Noticed Polyphemus
 17778 | Shoals:4 | Killed Polyphemus
 17841 | Shoals:4 | Got a fine pewter amulet
 17847 | Shoals:4 | Identified the amulet "Earthly Heaven" {Reflect Int+3 SH+5
                  | Stlth+} (You found it on level 4 of the Shoals)
 17943 | Shoals:4 | Received a gift from Okawaru
 17959 | Shoals:4 | Got a heavily runed amber ring
 17961 | Shoals:4 | Identified the ring "Jous" {Str+6 Int+2 Dex+3} (You found
                  | it on level 4 of the Shoals)
 18041 | Shoals:4 | Got a barnacled rune of Zot
 18227 | Slime:1  | Entered Level 1 of the Pits of Slime
 18232 | Slime:1  | Noticed an acid blob
 18234 | Slime:1  | Noticed an acid blob
 18234 | Slime:1  | Noticed an acid blob
 18244 | Slime:1  | Killed an acid blob
 18247 | Slime:1  | Killed an acid blob
 18247 | Slime:1  | Gained mutation: You are clumsy. (Dex -2) [a shining eye]
 18249 | Slime:1  | Gained mutation: Your magical capacity is low. (-10% MP) [a
                  | shining eye]
 18250 | Slime:1  | Gained mutation: Your spells are a little easier to cast,
                  | but a little less powerful. [a shining eye]
 18251 | Slime:1  | Killed an acid blob
 18251 | Slime:1  | Received a gift from Okawaru
 18302 | Slime:1  | Noticed an acid blob
 18409 | Slime:1  | Killed an acid blob
 18429 | Slime:1  | Gained mutation: You passively map a large area around you.
                  | [Deep Dwarf growth]
 18429 | Slime:1  | Reached XP level 18. HP: 103/177 MP: 5/8
 18583 | Slime:1  | Gained mutation: Your skin changes colour to match your
                  | surroundings (Stealth+). [a shining eye]
 18584 | Slime:1  | Gained mutation: You are occasionally teleported next to
                  | monsters. [a shining eye]
 18588 | Slime:1  | You fall into a shaft and drop 1 floor!
 18609 | Slime:2  | Reached skill level 19 in Armour
 18635 | Slime:1  | Gained mutation: Potions are less effective at restoring
                  | your health. [a shining eye]
 18636 | Slime:1  | Gained mutation: Your mind is acute. (Int +2) [a shining
                  | eye]
 18784 | Slime:3  | Reached skill level 15 in Fighting
 19036 | Slime:4  | Gained mutation: Armour fits poorly on your strangely
                  | shaped body. [a shining eye]
 19179 | Slime:2  | Received a gift from Okawaru
 19198 | Slime:2  | Got a twisted hand axe {god gift}
 19199 | Slime:2  | Identified the +9 hand axe of Dioskum {elec, rPois Will-
                  | Dex+9} (Okawaru gifted it to you on level 2 of the Pits of
                  | Slime)
 19355 | Slime:4  | Gained mutation: Your magical capacity is very low. (-20%
                  | MP) [a shining eye]
 19356 | Slime:4  | Gained mutation: You are frail. (-10% HP) [a shining eye]
 19359 | Slime:4  | Gained mutation: Your body sometimes deteriorates upon
                  | taking damage. [a shining eye]
 19455 | Slime:4  | Gained mutation: You are very clumsy. (Dex -4) [a shining
                  | eye]
 19458 | Slime:4  | Gained mutation: You are sometimes teleported next to
                  | monsters. [a shining eye]
 19495 | Slime:5  | Entered Level 5 of the Pits of Slime
 19533 | Slime:5  | Gained mutation: Scrolls take you a little longer to read.
                  | [a shining eye]
 19542 | Slime:5  | Received a gift from Okawaru
 19554 | Slime:5  | Lost mutation: Armour fits poorly on your strangely shaped
                  | body. [potion of mutation]
 19554 | Slime:5  | Lost mutation: Your body sometimes deteriorates upon taking
                  | damage. [potion of mutation]
 19554 | Slime:5  | Lost mutation: You are frail. (-10% HP) [potion of
                  | mutation]
 19554 | Slime:5  | Lost mutation: Scrolls take you a little longer to read.
                  | [potion of mutation]
 19554 | Slime:5  | Gained mutation: You have sharp toenails. [potion of
                  | mutation]
 19554 | Slime:5  | Gained mutation: You expend magic power (3 MP) to
                  | strengthen your wands. [potion of mutation]
 19554 | Slime:5  | Gained mutation: You are partially covered in slimy green
                  | scales. (AC +2) [potion of mutation]
 19634 | Slime:5  | Gained mutation: You are frail. (-10% HP) [a shining eye]
 19636 | Slime:5  | Gained mutation: Your magical capacity is extremely low.
                  | (-30% MP) [a shining eye]
 19729 | Slime:5  | Received a gift from Okawaru
 19775 | Slime:5  | Reached XP level 19. HP: 149/169 MP: 3/3
 19890 | Slime:5  | Found a viscous altar of Jiyva.
 19891 | Slime:5  | Noticed the Royal Jelly
 19908 | Slime:5  | Killed the Royal Jelly
 19948 | Slime:5  | Got an ichor-stained helmet
 19959 | Slime:5  | Identified the cursed +0 helmet of Qucotis {rF- Will+++
                  | Int-2 Stlth+} (You found it on level 5 of the Pits of
                  | Slime)
 19962 | Slime:5  | Got transparent gold dragon scales
 19973 | Slime:5  | Identified the +8 gold dragon scales of the Hanged Man
                  | {rPois rF+ rC+ Dex+2} (You found it on level 5 of the Pits
                  | of Slime)
 20006 | Slime:5  | Got a slimy rune of Zot
 20122 | Slime:5  | Got a coiled ivory ring
 20124 | Slime:5  | Identified the ring of the Scarab {Ice Str+3} (You found it
                  | on level 5 of the Pits of Slime)
 20436 | D:12     | Found a staircase to the Orcish Mines.
 20458 | Orc:1    | Entered Level 1 of the Orcish Mines
 20621 | Orc:1    | You fall into a shaft and drop 1 floor!
 20621 | Orc:2    | Entered Level 2 of the Orcish Mines
 20668 | Orc:2    | Received a gift from Okawaru
 20698 | Orc:2    | Reached skill level 20 in Armour
 20778 | Orc:2    | Found Zevviaps's Antique Armour Shop.
 20784 | Orc:2    | Found Ifriwk's General Store.
 20784 | Orc:2    | Found Yngam's Book Shop.
 20785 | Orc:2    | Found Qytu's Antique Weapon Boutique.
 20800 | Orc:2    | Bought a potion of mutation for 128 gold pieces
 20800 | Orc:2    | Lost mutation: You expend magic power (3 MP) to strengthen
                  | your wands. [potion of mutation]
 20800 | Orc:2    | Lost mutation: You are partially covered in slimy green
                  | scales. (AC +2) [potion of mutation]
 20800 | Orc:2    | Lost mutation: Your mind is acute. (Int +2) [potion of
                  | mutation]
 20800 | Orc:2    | Gained mutation: Potions are poor at restoring your health.
                  | [potion of mutation]
 20800 | Orc:2    | Gained mutation: Your flesh is heat resistant. (rF+)
                  | [potion of mutation]
 21036 | Orc:2    | Noticed Rupert
 21063 | Orc:2    | Killed Rupert
 21093 | Orc:2    | Found a staircase to the Elven Halls.
 21465 | Elf:1    | Entered Level 1 of the Elven Halls
 21627 | Elf:1    | Identified the Almanac of Unstable Black Rituals
 21742 | Elf:1    | Identified the Volume of Unholy Arts
 21778 | Elf:1    | Noticed Frances
 21793 | Elf:1    | Killed Frances
 22045 | Elf:2    | Received a gift from Okawaru
 22068 | Elf:2    | Identified the +8 chain mail "Coysudam" {Dex+2} (Okawaru
                  | gifted it to you on level 2 of the Elven Halls)
 22166 | Elf:2    | Found a runed translucent gate.
 22170 | Elf:2    | Found a runed translucent gate.
 22171 | Elf:2    | Found a runed translucent gate.
 22352 | Elf:2    | Reached XP level 20. HP: 112/179 MP: 4/4
 22519 | Elf:3    | Entered Level 3 of the Elven Halls
 22734 | Elf:3    | Reached skill level 1 in Evocations
 22740 | Elf:3    | Received a gift from Okawaru
 22748 | Elf:3    | Reached skill level 1 in Spellcasting
 22923 | Elf:3    | Identified the +2 scale mail "Zoeshimir" {Will+ Str-4
                  | Int+3} (You found it on level 3 of the Elven Halls)
 23295 | Elf:3    | Got a transparent amber ring
 23297 | Elf:3    | Identified the ring "Fajusch" {+Inv Int+6 Dex+4 Slay-3}
                  | (You found it on level 3 of the Elven Halls)
 23434 | Orc:1    | Found a bloodstained altar of Trog.
 23935 | D:13     | Found a sacrificial altar of Ru.
 24034 | D:13     | Found a runed translucent gate.
 24034 | D:13     | Found a runed translucent gate.
 24035 | D:13     | Found an ancient bone altar of Kikubaaqudgha.
 24035 | D:13     | Found a runed translucent gate.
 24035 | D:13     | Noticed Ahonude's ghost (journeyman TrMo)
 24065 | D:13     | Reached skill level 21 in Armour
 24077 | D:13     | Killed Ahonude's ghost
 24107 | D:13     | Reached XP level 21. HP: 147/186 MP: 4/4
 24119 | D:13     | Learned a level 8 spell: Necromutation
 24136 | D:13     | Got a steaming helmet
 24142 | D:13     | Identified the cursed +0 helmet of Sloth {-Tele rElec
                  | Regen+} (You found it on level 13 of the Dungeon)
 24152 | D:13     | Got a slimy jade amulet
 24163 | D:13     | Identified the amulet "Wahauqi" {Acrobat rF+ rC+ Stlth+}
                  | (You found it on level 13 of the Dungeon)
 24371 | D:13     | Reached skill level 5 in Spellcasting
 24407 | D:13     | Reached skill level 1 in Necromancy
 24513 | D:13     | Got a twitching brass ring
 24514 | D:13     | Identified the ring "Viryosop" {rN+ Str+8 Dex-3 SInv} (You
                  | found it on level 13 of the Dungeon)
 24589 | D:14     | Found a gate to the Vaults.
 24641 | D:14     | Reached skill level 1 in Transmutations
 24699 | D:14     | Found a flagged portal.
 24708 | Bailey   | Entered a bailey
 25031 | D:14     | Found a runed translucent gate.
 25032 | D:14     | Found a runed translucent gate.
 25032 | D:14     | Found a runed translucent gate.
 25032 | D:14     | Noticed Laowois's ghost (journeyman MiBe)
 25048 | D:14     | Killed Laowois's ghost
 25164 | D:14     | You fall into a shaft and drop 1 floor!
 25164 | D:15     | Entered Level 15 of the Dungeon
 25306 | D:15     | Received a gift from Okawaru
 25921 | D:15     | Found a staircase to the Depths.
 25989 | Vaults:1 | Entered Level 1 of the Vaults
 26102 | Vaults:1 | Reached XP level 22. HP: 175/194 MP: 5/5
 26363 | Vaults:1 | Found Ykhlig's Magic Scroll Shoppe.
 26583 | Vaults:1 | Reached skill level 5 in Necromancy
 26617 | Vaults:1 | Received a gift from Okawaru
 26643 | Vaults:1 | Noticed Saint Roka
 26672 | Vaults:1 | Killed Saint Roka
 26780 | Vaults:1 | Reached skill level 22 in Armour
 27059 | Vaults:1 | Reached skill level 5 in Transmutations
 27225 | Vaults:2 | Noticed Jory
 27240 | Vaults:2 | Killed Jory
 27415 | Vaults:2 | Noticed Donald
 27427 | Vaults:2 | Killed Donald
 27795 | Vaults:2 | Noticed Xtahua
 27812 | Vaults:2 | Killed Xtahua
 27817 | Vaults:2 | Found a roughly hewn altar of Beogh.
 28071 | Vaults:2 | Found a shadowy altar of Dithmenos.
 28328 | Vaults:3 | Received a gift from Okawaru
 28393 | Vaults:3 | Noticed Margery
 28412 | Vaults:3 | Killed Margery
 28413 | Vaults:3 | Reached XP level 23. HP: 200/200 MP: 8/8
 28454 | Vaults:3 | Found a staircase to the Crypt.
 28868 | Vaults:3 | Found Iticsy's Antique Weapon Boutique.
 29043 | Vaults:3 | Reached skill level 23 in Armour
 29045 | Vaults:3 | Received a gift from Okawaru
 29050 | Vaults:3 | Identified the +0 scale mail of Arimuvigie {rElec rPois
                  | rCorr} (Okawaru gifted it to you on level 3 of the Vaults)
 29318 | Vaults:4 | Found a flickering gateway to a bazaar.
 29349 | Bazaar   | Entered a bazaar
 29349 | Bazaar   | Found Ebynemp's Book Shoppe.
 29349 | Bazaar   | Found Enaheeh's Assorted Antiques.
 29349 | Bazaar   | Found Taewn's Gadget Emporium.
 29351 | Bazaar   | Found Xogeb's Book Emporium.
 29361 | Bazaar   | Bought a manual of Dodging for 883 gold pieces
 29370 | Bazaar   | Bought a potion of magic for 152 gold pieces
 29698 | Vaults:4 | Found a ruined gateway.
 29728 | Desolati | Entered the Desolation of Salt
 29794 | Desolati | Identified the ring of Zuebeq {*Corrode rF+ rC+ Int+3 SInv}
                  | (You found it in the Desolation of Salt)
 29940 | Desolati | Received a gift from Okawaru
 29985 | Desolati | Identified the Incunabulum of Doomed Transformation
 29998 | Desolati | Identified the amulet of Suspicion {Spirit rC+} (You found
                  | it in the Desolation of Salt)
 30178 | Desolati | Reached skill level 10 in Necromancy
 30253 | Desolati | Identified the Papyrus of Doomed Envenoming
 30256 | Desolati | Identified the ring "Mabrirum" {+Fly Str+2 Slay+3 Stlth+}
                  | (You found it in the Desolation of Salt)
 30818 | Vaults:5 | Entered Level 5 of the Vaults
 30830 | Vaults:5 | Reached XP level 24. HP: 207/207 MP: 2/9
 30840 | Vaults:5 | Reached skill level 24 in Armour
 30870 | Vaults:5 | Noticed an ancient lich
 30873 | Vaults:5 | Received a gift from Okawaru
 30891 | Vaults:5 | Killed an ancient lich
 30903 | Vaults:5 | Reached skill level 10 in Spellcasting
 30950 | Vaults:5 | Identified the +9 hand axe of Obsession {antimagic, rElec
                  | Will+++ MP+9 Str-4}
 31058 | Vaults:5 | Received a gift from Okawaru
 31167 | Vaults:5 | Acquired a manual of Spellcasting
 31356 | Vaults:5 | Identified Sif Muna's Guide on the Lethal Glacier
 31408 | Vaults:5 | Reached skill level 10 in Transmutations
 31859 | Vaults:5 | Identified the +6 scimitar of Ussekez {vorpal, *Corrode
                  | +Rage rF+++}
 31905 | Vaults:5 | Got a silver rune of Zot
 31907 | Vaults:5 | Identified the ring of Hobut {+Inv rPois Int+6} (You found
                  | it on level 5 of the Vaults)
 32270 | Depths:1 | Entered Level 1 of the Depths
 32278 | Depths:1 | Received a gift from Okawaru
 32279 | Depths:1 | Reached XP level 25. HP: 216/216 MP: 10/10
 32478 | Depths:1 | You are sucked into a shaft and drop 1 floor!
 32495 | Depths:2 | Found a transporter.
 32496 | Depths:2 | Found a corrupted altar of Lugonu.
 32668 | Depths:1 | Found a one-way gate to the infinite horrors of the Abyss.
 32820 | Depths:1 | Found a gateway to Hell.
 32883 | Depths:1 | Found Jays's General Store.
 32890 | Depths:1 | Bought a scroll of fog for 28 gold pieces
 32890 | Depths:1 | Bought a potion of haste for 140 gold pieces
 33490 | Depths:2 | Found a transporter.
 33525 | Depths:2 | Got a wavering glass ring
 33556 | Depths:2 | Identified the ring "Waudghuk" {*Tele rPois SInv} (You
                  | found it on level 2 of the Depths)
 33560 | Depths:2 | Identified the ring "Deruyjum" {Fire Dex+3} (You found it
                  | on level 2 of the Depths)
 33619 | Depths:3 | Received a gift from Okawaru
 33740 | Depths:3 | Reached skill level 25 in Armour
 33867 | Depths:3 | Found a gateway to a ziggurat.
 34044 | Depths:3 | Received a gift from Okawaru
 34053 | Depths:3 | Reached XP level 26. HP: 223/223 MP: 12/12
 34190 | Depths:3 | Found a one-way gate leading to the halls of Pandemonium.
 34472 | Depths:3 | Found Imuoh's Weapon Shoppe.
 34490 | Depths:3 | Found Linuyl's Gadget Boutique.
 34492 | Depths:3 | Found Xoijelli's Jewellery Emporium.
 34493 | Depths:3 | Found Achiqeje's Gadget Boutique.
 34558 | Depths:3 | Noticed Mara
 34568 | Depths:3 | Noticed Veteran's illusion
 34594 | Depths:3 | Killed Mara
 34612 | Depths:3 | Learned a level 2 spell: Wereblood
 34633 | Depths:4 | Noticed a juggernaut
 34707 | Depths:4 | Noticed Frederick
 34739 | Depths:4 | Killed Frederick
 34766 | Depths:4 | Killed a juggernaut
 35087 | Depths:4 | Received a gift from Okawaru
 35266 | Depths:5 | Entered Level 5 of the Depths
 35484 | Depths:5 | Found a gate to the Realm of Zot.
 35500 | Depths:5 | Reached skill level 15 in Necromancy
 35696 | Depths:5 | Reached skill level 15 in Spellcasting
 36099 | Depths:5 | Noticed Sojobo
 36117 | Depths:5 | Killed Sojobo
 36117 | Depths:5 | Received a gift from Okawaru
 36118 | Depths:5 | Reached XP level 27. HP: 191/229 MP: 13/13
 36460 | Temple   | Fell from the grace of Okawaru
 36460 | Temple   | Became a worshipper of Makhleb the Destroyer
 36734 | Hell     | Entered the Vestibule of Hell
 36734 | Hell     | Noticed Geryon
 36771 | Hell     | Killed Geryon
 36890 | Hell     | Reached * piety under Makhleb
 36940 | Hell     | Found a gateway to the Iron City of Dis.
 37011 | Hell     | Found a gateway to the freezing wastes of Cocytus.
 37096 | Hell     | Found a gateway to the decaying netherworld of Tartarus.
 37113 | Hell     | Reached ** piety under Makhleb
 37133 | Hell     | Reached skill level 26 in Armour
 37161 | Hell     | Found a gateway to the ashen valley of Gehenna.
 37170 | Geh:1    | Entered Level 1 of Gehenna
 37263 | Geh:1    | Reached *** piety under Makhleb
 37420 | Geh:2    | Reached **** piety under Makhleb
 37700 | Geh:4    | Reached ***** piety under Makhleb
 38192 | Geh:5    | Reached ****** piety under Makhleb
 38968 | Geh:6    | Reached skill level 15 in Transmutations
 39005 | Geh:6    | HP: 3/229 [reaper/+1 scythe of venom (23)]
 39145 | Geh:7    | Entered Level 7 of Gehenna
 39450 | Geh:7    | Reached skill level 27 in Armour
 39514 | Geh:7    | Identified the +7 sceptre of Asmodeus
 39514 | Geh:7    | Noticed Asmodeus
 39539 | Geh:7    | Killed Asmodeus
 39556 | Geh:7    | Got an obsidian rune of Zot
 39794 | Dis:1    | Entered Level 1 of the Iron City of Dis
 40819 | Dis:5    | HP: 5/343 [iron giant/iron shot (43)]
 40820 | Dis:5    | Mangled by an iron giant

Illustrated notes

Levels and vault maps discovered:
D:1:      scummos_arrival_forest, layout_basic
D:2:      layout_loops_ring, lemuel_coloured_pillars_altar,
          lemuel_blue_sif_altar
D:3:      layout_rooms, nicolae_overflow_hidden_temple
D:4:      gammafunk_steamed_eel, layout_gridville, uniq_crazy_yiuf_cottage
D:5:      layout_gridville, ashenzari_conservatory_becter, lemuel_statue_altar
D:6:      layout_basic, lemuel_crystal_altar, minmay_temple_entry_crystal_x,
          elyvilon_altar_4
D:7:      layout_rooms, overflow_temple_1_default, lemuel_round_altar,
          uniq_harold
D:8:      layout_cave_pools, serial_gnoll_camp, gnoll_camp_mini_basic,
          gnoll_camp_mini_hut, gnoll_camp_mini_hut, gnoll_camp_mini_hut,
          serial_shops, nicolae_shop_behind_doors, shop, shop_statue, shop,
          shop_statue, grunt_qazlal_sundering
D:9:      layout_gridville
D:10:     layout_loops_ring, grunt_lair_entry_orc_guard_hut, serial_shops, shop,
          kennysheep_generic_room_3
D:11:     hangedman_cross_cluster, layout_stronghold, gammafunk_ghost_grave,
          serial_shops, shop_scrolls
D:12:     layout_stronghold, david_orc_2, minivault_16,
          kennysheep_generic_room_12
D:13:     layout_stronghold, gammafunk_ghost_crypt, serial_column_ruins,
          column_ruins_hut_ruined, column_ruins_hut,
          column_ruins_corridor_corner, column_ruins_open_tiny,
          column_ruins_columns_corner, nicolae_ru_awakened_eye
D:14:     layout_loops_ring, david_vaults_2, enter_bailey_5,
          ebering_ghost_rock_garden
D:15:     hangedman_depths_entry_try_elsewhere_first, layout_gridville,
          minmay_misc_feat_diagonals, patterned_corridor
Temple:   regret_index_temple_generic_petals
Lair:1:   layout_regular_city, portal_ice_cave_entry_ice_beasts,
          wad_woods_river_01
Lair:2:   layout_roguey, serial_bayou_ford_a, uniq_gastronok
Lair:3:   statuecave_lemuel, layout_cave_pods, minmay_shoals_entry_beasts,
          chequers_serial_rivers_small_3, chequers_serial_rivers_large_b,
          beast_lair_carwin_6
Lair:4:   layout_hall_layers, spider_nest_entry_web_field, uniq_nessos
Lair:5:   layout_layer_cave, gammafunk_ghost_necromancy, minmay_holes,
          serial_bayou_shore_a
Lair:6:   wormcave, layout_cave_pods, guppyfry_lair_end_dragon,
          nicolae_slime_entry_slimehenge, gammafunk_ghost_hive,
          grunt_megastairs_2, lemuel_fruit_tree
Shoals:1: layout_shoals, serial_shops, nicolae_shop_crystal,
          ebering_ghost_davey_jones, ldierk_geyser
Shoals:2: layout_shoals, nicolae_shoals_arrival_archipelago
Shoals:3: cheibrodos_shoals_baths, layout_shoals, st_shoals_ruin, uniq_ilsuiw
Shoals:4: shoals_end_hangedman, layout_shoals,
          nicolae_shoals_kraken_intersection, uniq_aizul, uniq_polyphemus
Spider:1: layout_spider_delve, uniq_louise
Spider:2: layout_spider_delve, hangedman_spider_tarantella_strand
Spider:3: layout_spider_delve, uniq_asterion
Spider:4: spider_rune_water, nicolae_spider_cling_ruins
Slime:1:  layout_caves
Slime:2:  layout_caves, nicolae_slime_welcoming_committee
Slime:3:  layout_caves
Slime:4:  layout_caves
Slime:5
Orc:1:    layout_caves, trog_hazing_becter
Orc:2:    st_orc_congregation, layout_diamond_mine, uniq_rupert
Elf:1:    minmay_elf_arrival_plus, layout_rooms, minmay_elf_necromancy,
          minivault_14, uniq_frances
Elf:2:    layout_geoelf_octagon
Elf:3:    grunt_elf_hall_diamonds, layout_onion_city, grunt_ministairs_15
Vaults:1: ontoclasm_vaults_spin, vaults_standard_mumra_enter_the_diamond,
          nicolae_vaults_network_star, vaults_dpeg_hooks,
          hangedman_vaults_stagger, hangedman_vaults_trim, v_misc_12,
          ontoclasm_vaults_tryst, ontoclasm_vaults_hangar, dpeg_vaults_waves,
          nicolae_vaults_little_squares_6, ontoclasm_vaults_fault, v_misc_25,
          layout_vaults_big_cross, serial_shops, nicolae_shop_crystal,
          uniq_saint_roka
Vaults:2: ontoclasm_vaults_ligature, v_rooms_2, v_pattern_1,
          vaults_room_grunt_arrival_checkpoint, v_misc_26, special_room_vaults
          [special_room_orc], v_misc_23, v_misc_5, nicolae_vaults_specimen_jars,
          grunt_vaults_focal, vaults_room_grid, layout_vaults_ring, basic_altar,
          uniq_jory, uniq_donald, uniq_xtahua
Vaults:3: v_rooms_1, grunt_vaults_hallway_long,
          hangedman_vaults_stretched_pinwheel, st_spiral_rooms,
          nicolae_vaults_three_branches, hangedman_vaults_variations,
          minmay_crypt_entry_simple_corners, ontoclasm_vaults_ring_small,
          hangedman_vaults_pinch, nicolae_vaults_twisting_passages,
          ontoclasm_vaults_bender, vaults_room_semicircle, serial_ice_h,
          layout_vaults_omnibox, serial_shops,
          nicolae_shop_temple_entry_statues_fountains, uniq_margery
Vaults:4: nicolae_vaults_yaktaur_gun_rack, hangedman_vaults_maws, v_misc_8,
          ontoclasm_vaults_claustrophobia, v_misc_33, vaults_dpeg_encased_lava,
          vaults_mumra_hex, layout_vaults_omnigrid,
          portal_desolation_entry_nicolae_nacl, serial_shops, freezing_bzr
Vaults:5: serial_shops
Depths:1: layout_basic, kennysheep_crisscross, serial_shops, shop, abyss_entry,
          grunt_hell_entry_dis_mu, minivault_1, minivault_16,
          chequers_serial_rivers_small_a, hangedman_glass_teeth,
          hangedman_abyss_or_decor_lesser_grid, kennysheep_opposing_triangles
Depths:2: gammafunk_corrupted_shrine, layout_basic, hell_entry, abyss_entry,
          kennysheep_decorative_pillar, infiniplex_staircase_9_rooms
Depths:3: cheibrodos_spurs, layout_gridlike, enter_ziggurat_e, serial_shops,
          shop, rand_demon_pan_entry_7, serial_curves, eino_curves_01,
          eino_curves_04, hell_entry, serial_bayou_shore_b, minmay_shop_grove,
          uniq_mara
Depths:4: kennysheep_ogre_elephant_herders, layout_long_grid, kennysheep_boxes,
          grunt_metal_band, abyss_entry, st_stairs_12, minmay_crystal_water,
          sword_in_stone, infiniplex_staircase_pool_2
Depths:5: grunt_zot_entry_hairpin, layout_gridlike, hell_entry,
          dk_noncrumbling_4, nrook_kobold_shadow_demons, uniq_sojobo
Hell
Dis:1:    layout_chaotic_city
Dis:2:    layout_jigsaw
Dis:3:    layout_jigsaw, evilmike_ambush [evilmike_ambush_outer_pillars,
          evilmike_ambush_inner_wall_2]
Dis:4:    layout_subdivisions, nicolae_dis_strange_trophy_room
Dis:5:    lemuel_dis_dragons, layout_chaotic_city
Geh:1:    layout_gehenna_pools_triple
Geh:2:    layout_gehenna_pools_basic
Geh:3:    layout_gehenna_pools_triple
Geh:4:    layout_gehenna_lava_caves
Geh:5:    layout_gehenna_lava_caves
Geh:6:    grunt_deathspiral_small, layout_gehenna_pools_box
Geh:7:    geh_hangedman

Skill      XL: |  1  2  3  4  5  6  7  8  9 10 11 12 13 14 15 16 17 18 19 20 21 22 23 24 25 26 27 |
---------------+----------------------------------------------------------------------------------+-----
Fighting       | 3 4 6 7 9 10 11 12 13 14 15 16 | 16.8
Axes           | 3 4 5 6 7 9 10 11 12 14 15 16 17 18 19 | 19.4
Armour         | 4 5 6 7 8 9 10 11 12 14 15 17 18 19 20 21 22 23 24 25 27 | 27.0
Shields        | 4 5 6 7 8 9 10 11 13 14 15 16 17 18 19 20 21 23 24 25 | 25.0
Invocations    | 3 5 7 8 10 | 10.2
Evocations     | 4 |  4.9
Spellcasting   | 4 5 7 9 11 13 15 17 | 17.5
Necromancy     | 3 7 10 12 13 15 19 | 19.1
Transmutations | 2 6 8 10 12 13 16 | 16.5

Action                   |  1- 3 |  4- 6 |  7- 9 | 10-12 | 13-15 | 16-18 | 19-21 | 22-24 | 25-27 || total
-------------------------+-------+-------+-------+-------+-------+-------+-------+-------+-------++-------
Melee: War axe           |    73 |   245 |   370 |   689 |       |       |       |       |       ||  1377
       Mace              |       |       |       |    50 |    55 |       |       |       |       ||   105
       Lajatang          |       |       |       |   385 |    77 |       |       |       |       ||   462
       Punch             |       |       |       |     1 |       |       |       |       |       ||     1
       Broad axe         |       |       |       |    53 |  1222 |  1392 |  1136 |  1632 |  2847 ||  8282
Throw: Throwing net      |       |       |       |       |       |       |     1 |       |       ||     1
 Cast: Wereblood         |       |       |       |       |       |       |       |       |    11 ||    11
Invok: Heroism           |       |       |       |    12 |    15 |     6 |     3 |     2 |     1 ||    39
       Finesse           |       |       |       |       |       |     2 |     1 |     2 |     1 ||     6
 Abil: Heal Wounds       |       |     3 |     7 |    21 |    27 |     2 |     1 |       |     9 ||    70
       Evoke Flight      |       |       |       |       |       |    10 |       |       |     2 ||    12
       Stop Flying       |       |       |       |       |       |       |       |       |     3 ||     3
Evoke: Wand              |       |       |     8 |    21 |    48 |       |    13 |       |     7 ||    97
       Lightning rod     |       |       |       |       |     1 |     5 |       |       |     9 ||    15
       Box of beasts     |       |       |       |       |     1 |       |       |       |     1 ||     2
       Tin of tremorston |       |       |       |       |       |       |       |       |     2 ||     2
  Use: Potion            |       |       |     1 |     1 |     6 |     6 |     7 |     1 |    13 ||    35
       Scroll            |       |       |     1 |    19 |    15 |     8 |    17 |    16 |     9 ||    85
 Stab: Paralysed         |       |       |     4 |       |       |       |       |       |       ||     4
       Held in net/web   |       |       |       |       |     1 |       |     3 |       |       ||     4
       Distracted        |       |       |       |       |       |       |       |     1 |     2 ||     3
Armor: Scale mail        |    39 |       |       |       |       |       |       |       |       ||    39
       Chain mail        |       |   139 |   247 |   559 |  1085 |   802 |    23 |       |       ||  2855
       Plate armour      |       |       |       |   643 |   246 |       |       |       |       ||   889
       Gold dragon scale |       |       |       |       |       |       |   397 |   520 |  1199 ||  2116
       Skin              |       |       |       |       |       |       |       |       |    94 ||    94
Dodge: Dodged            |    26 |    48 |    66 |   431 |   531 |   327 |   114 |   132 |   423 ||  2098
Block: Kite shield       |    41 |    72 |       |       |       |       |       |       |       ||   113
       Tower shield      |       |   128 |   391 |  1024 |  1893 |  1523 |  1336 |  1674 |  3959 || 11928
       Reflection        |       |       |       |       |       |    23 |   108 |   147 |    85 ||   363
